 Dungeon Crawl Stone Soup version 0.22-a0-254-gaf95ca0 (webtiles) character file.

189 JeffiDaFish the Magician (level 5, -4/28 HPs)
             Began as a Deep Elf Fire Elementalist on Mar 4, 2018.
             Killed from afar by an orc wizard (6 damage)
             ... with a magic dart
             ... on level 3 of the Dungeon.
             The game lasted 00:08:37 (2679 turns).

JeffiDaFish the Magician (DEFE)                     Turns: 2679, Time: 00:08:37

Health: -4/28      AC:  3    Str:  5    XL:     5   Next: 40%
Magic:  0/13       EV: 13    Int: 21    God:
Gold:   127        SH:  0    Dex: 15    Spells: 5/13 levels left

rFire    . . .     SeeInvis .   j - +0 dagger (speed)
rCold    . . .     Gourm    .   (no shield)
rNeg     . . .     Faith    .   a - +0 robe
rPois    .         Spirit   .   e - +0 helmet
rElec    .         Reflect  .   (no cloak)
rCorr    .         Harm     .   (no gloves)
MR       .....                  (no boots)
Stlth    ++........             (no amulet)
HPRegen  0.09/turn              (no ring)
MPRegen  0.13/turn              (no ring)

@: very slightly contaminated, slowed, very slow
A: no striking features
a: no special abilities


You were on level 3 of the Dungeon.
You were not hungry.

You visited 1 branch of the dungeon, and saw 3 of its levels.

You collected 127 gold pieces.

Inventory:

Hand Weapons
 j - a +0 dagger of speed (weapon)
Armour
 a - a +0 robe (worn)
 e - a +0 helmet (worn)
Scrolls
 f - 2 scrolls of remove curse
 h - a scroll of magic mapping
 i - a scroll of identify
Potions
 d - 2 potions of lignification
 g - a potion of flight
Comestibles
 b - 12 chunks of flesh
 c - 7 rations


   Skills:
 + Level 3.2 Dodging
 - Level 3.0 Stealth
 * Level 4.6 Spellcasting
 * Level 3.1 Conjurations
 * Level 4.5 Fire Magic


You had 5 spell levels left.
You knew the following spells:

 Your Spells              Type           Power        Failure   Level  Hunger
a - Flame Tongue          Conj/Fire      ###..        2%          1    None
b - Conjure Flame         Conj/Fire      ###.....     7%          3    ##.....
c - Sticky Flame          Conj/Fire      ###.....     22%         4    ####...


Dungeon Overview and Level Annotations

Branches:
Dungeon (3/15)

Altars:
Makhleb
Xom


Message History

The magic dart hits you!
You hit the orc wizard.
The orc wizard is severely wounded.
The orc wizard hits you with a dagger.
You barely miss the orc wizard.
The orc wizard is severely wounded.
The orc wizard gestures at you while chanting.
The magic dart hits you!
* * * LOW HITPOINT WARNING * * *
Casting: Flame Tongue (safe; 2% risk of failure)
Confirm with . or Enter, or press ? or * to list all spells.
Aiming: Flame Tongue (safe; 2% risk of failure)
Press: ? - help, Shift-Dir - straight line, f/p - orc wizard
Aim: an orc wizard, wielding a dagger and wearing a robe (severely wounded)
The flame tongue hits the orc wizard.
The orc wizard is severely wounded.
The orc wizard barely misses you.
The orc wizard gestures at you while chanting.
The magic dart hits you!
You die...

#..........#
#..........#
#..........#
#..........#
#..........#
##........##
#...).o....##
############..).@......#
.##.......#...)........#
.##..####..............#
.......................#
.####.###..##.........##
.####.###.##..........#
.#........##.###.###.##
.#........##. #.# .#
##........##. .# #


You could see an orc wizard.

Vanquished Creatures
  Jessica (D:2)
  Robin (D:2)
  4 adders (D:2)
  3 oozes
  2 worms
  3 dart slugs (D:1)
  2 leopard geckos (D:2)
  8 orcs (D:3)
  3 giant cockroaches (D:1)
  14 goblins
  12 hobgoblins
  5 jackals
  7 bats
  A frilled lizard (D:3)
  4 kobolds
  7 rats
77 creatures vanquished.

Notes
Turn   | Place    | Note
-------+----------+-------------------------------------------
     0 | D:1      | JeffiDaFish the Deep Elf Fire Elementalist began the quest for the Orb.
     0 | D:1      | Reached XP level 1. HP: 10/10 MP: 6/6
   335 | D:1      | Reached XP level 2. HP: 15/15 MP: 0/8
   991 | D:1      | Reached XP level 3. HP: 19/19 MP: 6/10
  1721 | D:2      | Learned a level 3 spell: Conjure Flame
  1791 | D:2      | Reached XP level 4. HP: 24/24 MP: 8/11
  1812 | D:2      | Found a burning altar of Makhleb.
  1812 | D:2      | Found a shimmering altar of Xom.
  1834 | D:2      | Noticed Jessica
  1837 | D:2      | Killed Jessica
  1843 | D:2      | Learned a level 4 spell: Sticky Flame
  2142 | D:2      | Reached XP level 5. HP: 28/28 MP: 9/13
  2157 | D:2      | Noticed Robin
  2325 | D:2      | Killed Robin
  2679 | D:3      | Killed from afar by an orc wizard

Vault maps used:
D:1:      dpeg_arrival_simpleton_c, supply_closet_lemuel
D:2:      gammafunk_temple_overflow_elements, minmay_tetromino_o4, uniq_jessica,
          uniq_robin

Skill      XL: |  1  2  3  4  5 |
---------------+----------------+-----
Conjurations   | 2 3 |  3.1
Fire Magic     | 4 |  4.5
Stealth        | 3 |  3.0
Spellcasting   | 4 |  4.6
Dodging        | 3 |  3.2

Action                   |  1- 3 |  4- 6 || total
-------------------------+-------+-------++-------
Melee: Short sword       |     6 |     3 ||     9
       Dagger            |       |    49 ||    49
 Cast: Flame Tongue      |    62 |    56 ||   118
       Sticky Flame      |       |     5 ||     5
       Conjure Flame     |       |     4 ||     4
  Use: Potion            |     2 |       ||     2
       Scroll            |     3 |     1 ||     4
 Stab: Sleeping          |       |     1 ||     1
  Eat: Chunk             |     2 |     4 ||     6
Armor: Robe              |     1 |     4 ||     5
Dodge: Dodged            |    29 |    37 ||    66

Table legend:
 A = Spawn XP
 B = Non-spawn XP
 C = Spawn XP percentage of total XP
 D = Spawn monster count
 E = Non-spawn monster count
 F = Spawn count percentage of total count
 G = Total turns spent on level
                    A         B        C        D         E        F      G
               +---------+---------+-------+---------+---------+-------+---------
         Total |       0 |     270 |   0.0 |       0 |      77 |   0.0 |  2679
               +---------+---------+-------+---------+---------+-------+---------
           D:1 |       0 |      58 |   0.0 |       0 |      28 |   0.0 |  1573
           D:2 |       0 |     178 |   0.0 |       0 |      37 |   0.0 |   906
           D:3 |       0 |      34 |   0.0 |       0 |      12 |   0.0 |   200
               +---------+---------+-------+---------+---------+-------+---------
